 Dungeon Crawl Stone Soup version 0.29.0-11-gd7f09526c8 (webtiles) character file.

Game seed: 1718045767889748306

46 themarg the Ducker (level 3, 0/26 HPs)
             Began as a Gnoll Wanderer on Sept 2, 2022.
             Succumbed to an adder's poison
             ... on level 2 of the Dungeon.
             The game lasted 00:05:43 (1419 turns).

themarg the Ducker (Gnoll Wanderer)                 Turns: 1419, Time: 00:05:44

Health: 0/26       AC:  3    Str:  9    XL:     3   Next: 66%
Magic:  5/7        EV: 14    Int: 14    God:
Gold:   68         SH:  0    Dex: 12    Spells: 6/7 levels left

rFire   . . .      SeeInvis .   a - +0 dagger
rCold   . . .      Faith    .   (no shield)
rNeg    . . .      Spirit   .   c - +0 robe
rPois   .          Reflect  .   (no helmet)
rElec   .          Harm     .   d - +0 cloak
rCorr   .          Rampage  .   (no gloves)
Will    .....                   (no boots)
Stlth   ++........              (no amulet)
HPRegen 0.08/turn               (no ring)
MPRegen 0.10/turn               (no ring)

@: lethally poisoned (0 -> -1), very slightly contaminated
A: fangs 1, strong nose, distributed training
a: no special abilities


You were on level 2 of the Dungeon.
You visited 1 branch of the dungeon, and saw 2 of its levels.

You collected 68 gold pieces.

Inventory:

Hand Weapons
 a - a +0 dagger (weapon)
Armour
 c - a +0 robe (worn)
 d - a +0 cloak (worn)
Scrolls
 b - a scroll of butterflies
 i - a scroll of magic mapping {unknown}
 j - a scroll of poison {unknown}
 l - 2 scrolls of identify {unknown}
 m - a scroll of enchant weapon {unknown}
 n - a scroll of enchant armour {unknown}
Potions
 e - 2 potions of heal wounds
 f - a potion of mutation {unknown}
 g - a potion of ambrosia {unknown}
 h - a potion of invisibility {unknown}
 k - 3 potions of haste {unknown}


   Skills:
 + Level 1.0 Fighting
 + Level 1.0 Short Blades
 + Level 1.0 Long Blades
 + Level 1.0 Axes
 + Level 1.0 Maces & Flails
 + Level 1.0 Polearms
 + Level 1.0 Staves
 + Level 1.0 Ranged Weapons
 + Level 1.0 Throwing
 + Level 2.6 Armour
 + Level 6.5 Dodging
 + Level 1.0 Stealth
 + Level 1.0 Shields
 + Level 1.0 Unarmed Combat
 + Level 2.9 Spellcasting
 + Level 0.7 Conjurations
 + Level 0.7 Hexes
 + Level 0.7 Summonings
 + Level 3.8 Necromancy
 + Level 0.7 Translocations
 + Level 0.7 Transmutations
 + Level 0.7 Fire Magic
 + Level 5.4 Ice Magic
 + Level 0.7 Air Magic
 + Level 0.7 Earth Magic
 + Level 0.7 Poison Magic
 + Level 1.0 Invocations
 + Level 1.0 Evocations


You had 6 spell levels left.
You knew the following spells:

 Your Spells              Type           Power      Damage    Failure   Level
a - Necrotise             Necr           48%        1d6       4%          1

Your spell library contained the following spells:

 Spells                   Type           Power      Damage    Failure   Level
 Freeze                   Ice            68%        1d8       2%          1
 Frozen Ramparts          Ice            34%        1d6       7%          3
 Vampiric Draining        Necr           12%        2d6       14%         3
 Ice Form                 Ice/Tmut       10%        N/A       52%         4


Dungeon Overview and Level Annotations

Branches:
Dungeon (2/15)

Altars:


Innate Abilities, Weirdness & Mutations

You have very sharp teeth.
Your uncanny sense of smell can sniff out nearby items.
Your experience applies equally to all skills.


Message History

You are frozen.
You hit the endoplasm but do no damage. The adder bites you.
You are poisoned.
The adder poisons you!
The endoplasm hits you but does no damage.
You feel sick. The adder bites you but does no damage.
You feel sick.
You feel sick.
You hit the adder.
The adder is heavily wounded.
You feel sick. The adder closely misses you.
The adder bites you but does no damage.
You miss the adder.
The adder is heavily wounded.
You feel sick. The endoplasm freezes you.
You are frozen.
* * * LOW HITPOINT WARNING * * *
The adder bites you.
* * * LOW HITPOINT WARNING * * *
Casting: Necrotise (safe; 4% risk of failure)
Confirm with . or Enter, or press ? or * to list all spells.
Aiming: Necrotise (safe; 4% risk of failure)
Press: ? - help, Shift-Dir - straight line, f - adder
Aim: an adder (heavily wounded, chance to affect: 75%)
You miscast Necrotise.
You are very lightly contaminated with residual magic.
Nothing appears to happen.
* * * LOW HITPOINT WARNING * * *
You feel sick. The adder barely misses you.
The endoplasm completely misses you.
Casting: Necrotise (safe; 4% risk of failure)
Confirm with . or Enter, or press ? or * to list all spells.
Aiming: Necrotise (safe; 4% risk of failure)
Press: ? - help, Shift-Dir - straight line, f/p - adder
Aim: an adder (heavily wounded, chance to affect: 75%)
The adder writhes in agony.
You kill the adder!
The dead are slithering!
You die...

[....<..####..#
.######.####..#
.......Z......#
.#####..#.#...##.>
#..#....[....
#.......### # #
#.####..# #.#..
#.......# ....##
#######@##......
#ZJ.....#
#.......#
#####.##.##.#
#...........#
##..##.....#..#
.....#....##..#
..J.......# ..
.....###......#


You could see an endoplasm (ally target) and a friendly adder skeleton.

Vanquished Creatures
  A gnoll (D:1)
  An adder (D:2)
  3 ball pythons (D:1)
  An endoplasm (D:1)
  5 goblins (D:1)
  8 hobgoblins
  2 jackals (D:1)
  A quokka (D:1)
  2 bats
  A frilled lizard (D:2)
  2 kobolds
  3 rats (D:1)
30 creatures vanquished.

Vanquished Creatures (collateral kills)
  A dart slug (D:1)
  A jackal (D:1)
2 creatures vanquished.

Grand Total: 32 creatures vanquished

Notes
Turn   | Place    | Note
-------+----------+-------------------------------------------
     0 | D:1      | themarg the Gnoll Wanderer began the quest for the Orb.
     0 | D:1      | themarg set off with the following items: a +0 dagger, a
                  | scroll of butterflies, a +0 robe, a +0 cloak; and the
                  | following spells available to memorise: Freeze, Necrotise,
                  | Frozen Ramparts, Vampiric Draining, Ice Form.
     0 | D:1      | Reached XP level 1. HP: 13/13 MP: 4/4
     2 | D:1      | Learned a level 1 spell: Necrotise
    50 | D:1      | Reached XP level 2. HP: 5/19 MP: 0/5
   310 | D:1      | Found a faded altar of an unknown god.
   836 | D:1      | Reached XP level 3. HP: 25/25 MP: 7/7
  1115 | D:1      | Reached skill level 1 in Invocations
  1384 | D:2      | Reached skill level 1 in Fighting
  1384 | D:2      | Reached skill level 1 in Short Blades
  1384 | D:2      | Reached skill level 1 in Long Blades
  1384 | D:2      | Reached skill level 1 in Axes
  1384 | D:2      | Reached skill level 1 in Maces & Flails
  1384 | D:2      | Reached skill level 1 in Polearms
  1384 | D:2      | Reached skill level 1 in Staves
  1384 | D:2      | Reached skill level 1 in Ranged Weapons
  1384 | D:2      | Reached skill level 1 in Throwing
  1384 | D:2      | Reached skill level 1 in Stealth
  1384 | D:2      | Reached skill level 1 in Shields
  1384 | D:2      | Reached skill level 1 in Unarmed Combat
  1384 | D:2      | Reached skill level 1 in Evocations
  1418 | D:2      | HP: 1/26 [poisoned by an adder]
  1419 | D:2      | Succumbed to an adder's poison

Illustrated notes

Levels and vault maps discovered:
D:1:      dpeg_arrival_simpleton_b, layout_basic, shapermc_ecumenical_altar_venn
D:2:      layout_loops_cross, basic_altar, nicolae_wormholes, uniq_jessica

Skill      XL: |  1  2  3 |
---------------+----------+-----
Invocations    | 1 |  1.0
Fighting       | 1 |  1.0
Short Blades   | 1 |  1.0
Long Blades    | 1 |  1.0
Axes           | 1 |  1.0
Maces & Flails | 1 |  1.0
Polearms       | 1 |  1.0
Staves         | 1 |  1.0
Ranged Weapons | 1 |  1.0
Throwing       | 1 |  1.0
Stealth        | 1 |  1.0
Shields        | 1 |  1.0
Unarmed Combat | 1 |  1.0
Evocations     | 1 |  1.0
Armour         | |  2.6
Dodging        | |  6.5
Spellcasting   | |  2.9
Conjurations   | |  0.7
Hexes          | |  0.7
Summonings     | |  0.7
Necromancy     | |  3.8
Translocations | |  0.7
Transmutations | |  0.7
Fire Magic     | |  0.7
Ice Magic      | |  5.4
Air Magic      | |  0.7
Earth Magic    | |  0.7
Poison Magic   | |  0.7

Action                   || total
-------------------------++-------
Melee: Dagger            ||   127
       Bite              ||    10
       Punch             ||     3
 Cast: Necrotise         ||    20
  Use: Potion            ||     1
 Stab: Sleeping          ||     1
Armor: Robe              ||    35
Dodge: Dodged            ||    99
